 Seeded DCSS version 0.30.0-30-g96aa6591b8 (webtiles) character file.

Game seed: 8994729474104937668 (custom seed)

70 CInkIbrahim the Chopper (level 4, 24/28 HPs)
             Began as a Gargoyle Fighter on June 29, 2023.
             Quit the game on level 2 of the Dungeon.
             The game lasted 00:01:16 (1227 turns).

CInkIbrahim the Chopper (Gargoyle Fighter)          Turns: 1227, Time: 00:01:17

Health: 24/28      AC: 10    Str: 21    XL:     4   Next: 22%
Magic:  4/4        EV:  9    Int:  9    God:
Gold:   115        SH:  4    Dex:  9    Spells: 3/3 levels left

rFire   + . .        a - +0 war axe
rCold   . . .        c - +0 buckler
rNeg    + . .        b - +0 scale mail
rPois   ∞            (no helmet)
rElec   +            (no cloak)
rCorr   .            (no gloves)
SInv    .            (no boots)
Will    .....        (no amulet) Stlth
                     l - ring of protection from fire
HPRegen 0.24/turn    (no ring)
MPRegen 0.09/turn

%: no passive effects
@: no status effects
A: sickness immunity, AC +3, negative energy resistance 1, electricity
resistance, torment resistance 1, petrification resistance
a: no special abilities


You were on level 2 of the Dungeon.
You visited 1 branch of the dungeon, and saw 2 of its levels.

You collected 115 gold pieces.

Inventory:

Hand Weapons
 a - a +0 war axe (weapon)
Armour
 b - a +0 scale mail (worn)
 c - a +0 buckler (worn)
Jewellery
 l - a ring of protection from fire (left hand)
Scrolls
 f - a scroll of vulnerability {unknown}
 g - a scroll of identify {unknown}
 h - 2 scrolls of torment {unknown}
 i - a scroll of blinking {unknown}
 j - a scroll of fear {unknown}
 k - a scroll of immolation {unknown}
 m - a scroll of magic mapping
 n - 2 scrolls of silence
 r - a scroll of teleportation {unknown}
 s - a scroll of enchant armour {unknown}
Potions
 d - 2 potions of might
 e - 2 potions of berserk rage {unknown}
 o - a potion of brilliance {unknown}
 p - a potion of attraction {unknown}
 q - a potion of curing {unknown}
 t - 2 potions of magic {unknown}


   Skills:
 - Level 3.2 Fighting
 + Level 4.0 Axes
 - Level 3.2 Armour
 - Level 3.2 Shields


You had 3 spell levels left.
You didn't know any spells.
Your spell library contained the following spells:

 Spells                   Type           Power      Damage    Failure   Level
 Summon Small Mammal      Summ           0%         N/A       80%         1
 Call Canine Familiar     Summ           0%         N/A       99%         3
 Summon Guardian Golem    Hex/Summ       0%         N/A       99%         3


Dungeon Overview and Level Annotations

Branches:
Dungeon (2/15)

Altars:


Innate Abilities, Weirdness & Mutations

You are immune to sickness and miasma.
Your stone body is resilient. (AC +3)
You are immune to poison.
You resist negative energy. (rN+)
You are resistant to electric shocks. (rElec)
You are resistant to unholy torment.
You are immune to petrification.


Message History

You block Terence's attack. Terence hits you but does no damage.
Terence is nearby!
You hit Terence.
Terence is lightly wounded.
Terence closely misses you.
Terence is nearby!
You barely miss Terence.
Terence is lightly wounded.
Terence barely misses you.
Terence is nearby!
You slash Terence!
Terence is heavily wounded.
You hear a shout!
Terence closely misses you.
A hobgoblin comes into view.
Terence hits you but does no damage.
There are monsters nearby!
You barely miss Terence.
Terence is heavily wounded.
Terence barely misses you.
There are monsters nearby!
You closely miss Terence.
Terence is heavily wounded.
Terence hits you but does no damage.
There are monsters nearby!
You hit Terence but do no damage.
Terence is heavily wounded.
Terence hits you but does no damage. x2
There are monsters nearby!
You closely miss Terence.
Terence is heavily wounded.
Terence hits you with a +1 short sword of draining.
There are monsters nearby!
You slash Terence!
You kill Terence!
The hobgoblin barely misses you.
Your Axes skill increases to level 4!
You have reached level 4!
You feel clever.
Are you sure you want to abandon this character and quit the game? (Confirm with "yes".)

#.###############.#####
#.### ####### #......#
#...# #.....# #.##.#.#
###.# #.....####.##.#.#
#.# #.....##......#.#
#.# *....?*#.#.####.#
####.#
*,(..,*#.#.####.#
#....#
**#g#**#.#......#
#.########@# #.########
#.##.......# #.#
###.##.##########.#
#...........>.....#
#.#.#..####..######
#####.#.#..####..# ####
....#.#......##..#
####...
###.#.###..#†....#
#....##
###.#.###........#
#.####


You could see a hobgoblin.

Vanquished Creatures
  Terence (D:2)
  A gnoll (D:1)
  2 dart slugs
  2 endoplasms (D:1)
  2 giant cockroaches (D:2)
  7 hobgoblins
  2 ball pythons (D:1)
  3 bats
  2 frilled lizards (D:2)
  4 goblins
  2 kobolds (D:1)
  2 rats (D:2)
30 creatures vanquished.

Notes
Turn   | Place    | Note
-------+----------+-------------------------------------------
     0 | D:1      | CInkIbrahim the Gargoyle Fighter began the quest for the
                  | Orb.
     0 | D:1      | Reached XP level 1. HP: 14/14 MP: 1/1
    32 | D:1      | Reached skill level 2 in Axes
   146 | D:1      | Reached XP level 2. HP: 15/19 MP: 2/2
   303 | D:1      | Reached skill level 3 in Axes
   303 | D:1      | Reached XP level 3. HP: 23/23 MP: 3/3
  1216 | D:2      | Noticed Terence
  1226 | D:2      | Killed Terence
  1227 | D:2      | Reached skill level 4 in Axes
  1227 | D:2      | Reached XP level 4. HP: 24/28 MP: 4/4
  1227 | D:2      | Quit the game

Illustrated notes

Levels and vault maps discovered:
D:1:      ncdulo_halloftheorcs, layout_rooms, minmay_tetromino_o4
D:2:      layout_loops_cross, uniq_terence

Skill      XL: |  1  2  3 |
---------------+----------+-----
Axes           | 2 3 4 |  4.0
Fighting       | |  3.2
Armour         | |  3.2
Shields        | |  3.2

Action                     |  1- 3 |  4- 6 || total
---------------------------+-------+-------++-------
  Melee: War axe           |   110 |       ||   110
    Use: Scroll            |     2 |       ||     2
 Armour: Scale mail        |    64 |       ||    64
  Dodge: Dodged            |    56 |       ||    56
  Block: Buckler           |    16 |       ||    16
